Map: Invader LE

Players

Guru - Winner!

  • Race: Zerg Zerg

Snute

  • Race: Zerg Zerg

Event: DreamHack Open Tours WCS Spring Championship

VOD

Have the link to the VOD?

Description

Time

  • Played on: May 14, 2016, 4:29 a.m.
  • Length: 12:50

All games in this series

Show
View Real Time Build Order
Export as new Build Order

Guru Zerg - Winner!

Build Orders: Hatch First 

Get SALT Encoding   

  12  0:01  Drone  
  13  0:12  Overlord  
  13  0:18  Drone  
  14  0:31  Drone x2  
  14  0:35  Drone  
  17  0:52  Hatchery  
  17  0:55  Drone  
  17  1:09  Spawning Pool  
  16  1:11  Extractor  
  16  1:13  Drone  
  16  1:17  Drone  
  17  1:20  Drone  
  18  1:29  Drone  
  19  1:46  Overlord  
  19  1:57  Queen, Zergling x2  
  22  2:04  Queen  
  22  2:05  Drone x2  
  26  2:11  Metabolic Boost  
  26  2:12  Drone  
  27  2:16  Drone  
  27  2:22  Drone  
  29  2:25  Drone  
  30  2:34  Drone  
  30  2:36  Drone  
  32  2:45  Hatchery  
  32  2:47  Drone  
  32  2:53  Baneling Nest  
  32  2:54  Zergling x2  
  32  2:58  Zergling x2  
  33  3:03  Overlord  
  33  3:05  Zergling x2  
  34  3:06  Drone  
  34  3:07  Drone  
  36  3:19  Overlord  
  36  3:21  Drone x3  
  36  3:22  Drone x2  
  41  3:29  Drone  
  41  3:33  Evolution Chamber  
  41  3:34  Drone  
  41  3:39  Queen  
  41  3:40  Drone  
  45  3:49  Baneling x2  
  45  3:50  Drone x2  
  45  3:54  Zergling x4  
  49  3:56  Zergling x6  
  49  4:01  Overlord, Zergling x4  
  54  4:06  Zerg Ground Armor Level 1  
  54  4:12  Zergling x6  
  54  4:16  Zergling x4  
  57  4:18  Zergling x2  
  57  4:20  Zergling x4  
  57  4:23  Zergling x4  
  61  4:26  Zergling x2  
  62  4:32  Overlord  
  62  4:38  Baneling x3  
  62  4:40  Drone x3  
  62  4:43  Overlord  
  62  4:44  Overlord  
  64  4:53  Evolution Chamber, Drone  
  64  4:54  Drone  
  64  4:57  Drone x3  
  68  5:01  Zergling x10  
  68  5:02  Zergling x4  
  75  5:08  Zergling x4  
  76  5:15  Zergling x2  
  76  5:17  Zergling x4  
  76  5:21  Zergling x2  
  69  5:27  Zergling x4  
  66  5:30  Zerg Melee Weapons Level 1  
  66  5:33  Zergling x2  
  66  5:34  Hatchery  
  65  5:40  Zergling x4  
  65  5:41  Queen  
  69  5:44  Spine Crawler x2, Zergling x2  
  69  5:49  Zergling x4  
  70  5:53  Zergling x2  
  68  5:58  Zergling x10  
  68  6:00  Zergling x2  
  68  6:01  Zergling x2  
  68  6:03  Zergling x2  
  68  6:04  Zergling x2  
  72  6:07  Zergling x6  
  73  6:14  Zergling x4  
  73  6:17  Zergling x2  
  73  6:23  Zergling x4  
  69  6:28  Zergling x4  
  69  6:29  Zergling x2  
  69  6:30  Zergling x10  
  69  6:31  Zergling x4  
  70  6:40  Zergling x4  
  70  6:41  Zergling x2  
  70  6:46  Baneling x7  
  70  6:47  Baneling  
  73  6:49  Zergling x4  
  70  6:54  Zergling x6  
  70  6:55  Zergling x8  
  70  6:57  Zergling x2  
  73  7:10  Zergling x2  
  73  7:14  Zergling x2  
  73  7:15  Zergling x4  
  68  7:23  Zergling x2  
  68  7:24  Zergling x2  
  68  7:26  Zergling x4  
  72  7:32  Hatchery x2  
  72  7:35  Zergling x2  
  72  7:36  Zergling x2  
  72  7:44  Zergling x2  
  72  7:45  Zergling x2  
  74  7:54  Zergling x4  
  74  7:55  Zergling x2  
  74  7:57  Drone  
  77  7:59  Lair  
  77  8:00  Queen  
  77  8:01  Drone  
  80  8:07  Drone  
  80  8:10  Overlord  
  81  8:17  Zergling x2  
  78  8:20  Zergling x2  
  77  8:34  Zergling x2  
  77  8:35  Zergling x2  
  77  8:39  Zergling x6  
  69  8:46  Drone x2  
  65  8:48  Extractor  
  65  8:49  Drone x2  
  65  8:50  Extractor  
  65  8:53  Zergling x6  
  68  8:56  Zergling x2  
  68  8:58  Zergling x6  
  68  8:59  Spire, Queen x2, Zergling x2  
  68  9:01  Zergling x2  
  77  9:05  Zergling x4  
  77  9:06  Zergling x2  
  80  9:10  Zergling x2  
  80  9:14  Overlord  
  81  9:17  Extractor  
  81  9:22  Drone x3  
  81  9:23  Overlord  
  83  9:25  Zergling x6  
  83  9:26  Overlord  
  86  9:39  Drone  
  86  9:44  Drone  
  88  9:48  Zergling x2  
  89  9:53  Drone  
  89  9:54  Drone x2  
  89  9:59  Drone x3  
  95  10:10  Mutalisk x3  
  95  10:11  Mutalisk x3  
  95  10:13  Mutalisk  
  107  10:15  Overlord  
  107  10:17  Zergling x10  
  107  10:21  Overlord  
  114  10:25  Mutalisk  
  114  10:28  Zergling x8  
  112  10:32  Zergling x4  
  109  10:35  Mutalisk  
  109  10:37  Zergling x2  
  109  10:41  Mutalisk  
  100  10:48  Zergling x4  
  100  10:49  Zergling x6  
  98  10:52  Mutalisk  
  98  10:55  Zergling x8  
  104  11:03  Mutalisk  
  104  11:05  Zergling x4  
  104  11:06  Zergling x2  
  104  11:09  Mutalisk  
  100  11:26  Mutalisk  
  100  11:28  Zergling x2  
  100  11:29  Zergling x26  
  100  11:31  Zergling x4  
  118  11:37  Mutalisk, Zergling x2  
  118  11:38  Mutalisk  
  100  11:52  Mutalisk  
  100  11:54  Zergling x10  
  96  11:55  Zergling x8  
  96  12:00  Zergling x2  
  103  12:07  Zergling x6  
  103  12:08  Zergling x10  
  109  12:11  Drone  
  109  12:12  Drone  
  109  12:13  Mutalisk  
  109  12:15  Zergling x4  
  115  12:17  Zergling x2  
  115  12:18  Zergling x2  
  117  12:29  Zergling x4  
  120  12:30  Zergling x6  
Show
View Real Time Build Order
Export as new Build Order

Snute Zerg 

Build Orders: Hatch First 

Get SALT Encoding   

  12  0:00  Drone  
  13  0:12  Overlord  
  13  0:17  Drone  
  14  0:30  Drone x2  
  14  0:34  Drone  
  17  0:52  Hatchery  
  17  0:54  Drone  
  17  1:08  Spawning Pool  
  17  1:10  Drone  
  17  1:13  Drone  
  17  1:15  Extractor  
  17  1:18  Drone  
  18  1:28  Drone  
  19  1:38  Overlord  
  19  1:49  Drone  
  20  1:55  Queen  
  20  2:00  Drone  
  23  2:03  Queen  
  23  2:04  Drone  
  26  2:11  Drone  
  26  2:14  Drone  
  26  2:15  Metabolic Boost  
  28  2:22  Zergling x2  
  29  2:25  Zergling x2  
  30  2:31  Queen  
  30  2:32  Overlord  
  30  2:36  Drone  
  33  2:43  Drone  
  34  2:48  Drone  
  35  2:54  Drone  
  36  3:00  Hatchery  
  36  3:03  Drone x2  
  37  3:06  Drone x2  
  37  3:08  Drone  
  40  3:16  Roach Warren  
  40  3:17  Drone  
  40  3:19  Drone  
  41  3:25  Overlord  
  41  3:27  Zergling x4  
  42  3:32  Zergling x2  
  44  3:37  Overlord  
  44  3:44  Zergling x6  
  47  3:56  Roach  
  47  3:57  Roach x4  
  56  4:06  Roach  
  54  4:17  Roach x2  
  54  4:18  Roach x4  
  54  4:20  Overlord x2  
  66  4:26  Overlord  
  66  4:28  Extractor  
  65  4:33  Overlord  
  65  4:34  Overlord  
  65  4:40  Roach x3  
  65  4:43  Roach  
  75  4:52  Roach  
  75  4:53  Zergling x4  
  75  4:57  Zergling x12  
  83  5:03  Zergling x8  
  84  5:19  Zergling x2  
  84  5:20  Zergling x8  
  80  5:27  Zergling x10  
  85  5:29  Queen  
  85  5:31  Ravager  
  85  5:32  Ravager  
  88  5:39  Zergling x8  
  88  5:42  Ravager  
  93  5:53  Zergling x2  
  93  5:54  Zergling x8  
  92  6:04  Zergling x8  
  92  6:05  Zergling x4  
  97  6:13  Overlord  
  94  6:25  Zergling x2  
  94  6:26  Zergling x6  
  91  6:33  Zergling x10  
  92  6:41  Roach x2  
  92  6:44  Roach  
  92  6:45  Lair  
  97  6:47  Evolution Chamber  
  97  6:49  Roach x2  
  94  6:54  Roach  
  94  6:58  Roach  
  97  7:02  Roach  
  95  7:10  Ravager x2  
  95  7:12  Roach x2  
  86  7:16  Roach x3  
  86  7:20  Drone x2  
  86  7:21  Drone  
  81  7:25  Roach  
  81  7:28  Roach  
  81  7:29  Roach  
  87  7:32  Roach  
  89  7:38  Extractor  
  89  7:40  Roach  
  90  7:48  Roach x2  
  94  7:56  Roach x2  
  92  8:03  Roach  
  94  8:08  Roach x2  
  94  8:09  Queen x2  
  102  8:14  Overlord  
  102  8:19  Roach  
  96  8:28  Roach x3  
  101  8:39  Roach x3  
  99  8:43  Roach  
  99  8:46  Ravager  
  94  8:50  Drone x2  
  96  8:56  Glial Reconstitution  
  96  8:59  Drone  
  97  9:06  Zerg Missile Weapons Level 1  
  97  9:11  Roach  
  97  9:16  Roach  
  101  9:23  Roach x3  
  107  9:32  Roach x2  
  107  9:33  Roach  
  107  9:37  Evolution Chamber  
  112  9:40  Roach  
  112  9:44  Overlord  
  114  10:02  Overseer  
  114  10:05  Zerg Ground Armor Level 1  
  114  10:06  Roach  
  114  10:07  Roach x2  
  118  10:11  Overlord  
  120  10:16  Evolution Chamber  
  117  10:31  Roach x2  
  117  10:32  Overlord  
  117  10:33  Overlord  
  119  10:42  Lair  
  115  10:46  Zergling x2  
  116  10:53  Queen  
  118  10:59  Hatchery  
  118  11:00  Spore Crawler  
  108  11:11  Zergling x8  
  108  11:20  Zergling x6  
  108  11:21  Zergling x2  
  108  11:25  Zergling x2  
  108  11:28  Zergling x4  
  108  11:29  Queen  
  100  11:43  Zergling x8  
  100  11:44  Zergling x8  
  95  11:51  Zergling x8  
  77  11:59  Infestation Pit  
  60  12:02  Zergling x6  
  60  12:03  Zergling x2  
  60  12:06  Zergling x4  
  60  12:12  Queen  
  62  12:18  Zergling x4  

Tags
 
Add a new tag
Caveats
  • Supply blocks, unpowered buildings, or Contaminate may cause inaccurate times.
  • Supply counts are checked every 10 seconds.